 Dungeon Crawl Stone Soup version 0.15-a0-1253-g15b4f57 (webtiles) character file.

85 Psiweapon the Skirmisher (level 4, 0/49 HPs)
             Began as an Ogre Hunter on June 4, 2014.
             Was an Initiate of Qazlal.
             Slain by a sky beast (2 damage)
             ... on Level 2 of the Dungeon.
             The game lasted 00:07:42 (2456 turns).

Psiweapon the Skirmisher (Ogre Hunter)              Turns: 2456, Time: 00:07:42

HP   0/49        AC  3     Str 17      XL: 4   Next: 48%
MP   4/4         EV 10     Int 10      God: Qazlal [......]
Gold 55          SH  0     Dex 11      Spells:  0 memorised,  3 levels left

rFire  . . .     SeeInvis .     t - +0 mace
rCold  . . .     Clarity  .     d - +0 animal skin
rNeg   . . .     rCorr    .     (shield restricted)
rPois  .         rRot     .     (helmet restricted)
rElec  .         Spirit   .     (no cloak)
SustAb .         Warding  .     (gloves unavailable)
rMut   .         Stasis   .     (boots unavailable)
Gourm  .                        (no amulet)
MR     .....                    (no ring)
                                (no ring)

@: not resistant to hostile enchantments, very unstealthy
A: unfitting armour, tough skin 1
a: Renounce Religion


You were on level 2 of the Dungeon.
You worshipped Qazlal.
Qazlal was noncommittal.
You were hungry.

You visited 1 branch of the dungeon, and saw 2 of its levels.

You collected 55 gold pieces.

Inventory:

Hand weapons
 a - a +1,+1 club
 g - a +0,+0 dagger of venom
 i - a +0,+0 whip
 t - a +0,+0 mace (weapon)
Missiles
 c - 2 throwing nets (quivered)
 j - 12 stones
 n - 13 poisoned needles
Armour
 d - a +0 animal skin (worn)
 k - a +0 large shield
Magical devices
 s - a wand of digging (5)
Comestibles
 f - 2 meat rations
 m - a royal jelly
Scrolls
 e - a scroll of enchant weapon I {unknown}
 h - 2 scrolls of remove curse {unknown}
 l - 3 scrolls of immolation {unknown}
 q - a scroll of magic mapping {unknown}
Potions
 o - 2 potions of curing
 p - 2 potions of heal wounds {unknown}


   Skills:
 + Level 4.8 Fighting
 + Level 3.6 Maces & Flails
 - Level 4.4 Throwing
 - Level 1.7 Dodging
 - Level 0.7 Stealth


You had 3 spell levels left.
You didn't know any spells.

Dungeon Overview and Level Annotations

Branches:
Dungeon (2/15)

Altars:
Qazlal


Innate Abilities, Weirdness & Mutations

You are too large for most types of armour.
You have tough skin (AC +1).


Message History

You miss something. Something hits you but does no damage.
You hit something but do no damage. Something hits you. Something shocks you.
Something hits you but does no damage.
You sock something! Something hits you.
* * * LOW HITPOINT WARNING * * *
Something shocks you.
* * * LOW HITPOINT WARNING * * *
Evoke which item? (* to show all) (? for menu, Esc to quit)
Zapping:
s - an ivory wand
Press: ? - help, Shift-Dir - straight line The rock shatters into small pieces.
s - a wand of digging {zapped: 1} Something hits you.
* * * LOW HITPOINT WARNING * * *
Something shocks you.
* * * LOW HITPOINT WARNING * * *
You closely miss something.
A sky beast appears from thin air!
Reactivating autopickup.
The sky beast hits you.
You die...

#.##......>...# #.# #.
#.##....##.#.## #.# ##
#............# #.#
####.........# #.#
###.#.(###### #.#
##...##(#########.##
#..#..#.(..........# ######
####.##.#..Y....###..###.....
#...>...#...@...# #..........
####.#.........## #.####.....
#...#.#......# #.# ######
#..##.#.###### #.### #
#.....#....######...# #
##.#...........####.# #
#.#.###.#.###.# #.# ##
#.#.###.#.###.####.# #.
#........>.........# #.


You could see a sky beast.

Vanquished Creatures
  4 adders (D:2)
  A giant gecko (D:2)
  An ooze (D:1)
  A ball python (D:2)
  9 bats
  9 hobgoblins
  3 kobolds
  A quokka (D:2)
  3 giant newts
  7 goblins
  6 rats
45 creatures vanquished.

Notes
Turn   | Place    | Note
--------------------------------------------------------------
     0 | D:1      | Psiweapon, the Ogre Hunter, began the quest for the Orb.
     0 | D:1      | Reached XP level 1. HP: 22/22 MP: 1/1
   162 | D:1      | Reached XP level 2. HP: 24/31 MP: 2/2
  1211 | D:1      | Reached XP level 3. HP: 34/39 MP: 3/3
  1450 | D:2      | Found a stormy altar of Qazlal.
  1522 | D:2      | Became a worshipper of Qazlal Stormbringer
  1630 | D:2      | Reached XP level 4. HP: 25/49 MP: 4/4
  2445 | D:2      | Noticed a sky beast
  2455 | D:2      | HP: 2/49 [something (5)]
  2456 | D:2      | Slain by a sky beast

Action                   |  1- 3 |  4- 6 || total
-------------------------+-------+-------++-------
Melee: Club              |    42 |       ||    42
       Whip              |    87 |       ||    87
       Mace              |    16 |    44 ||    60
Throw: Large rock        |     4 |     5 ||     9
Evoke: Wand              |       |     1 ||     1
  Use: Potion            |     1 |       ||     1
